 Dungeon Crawl Stone Soup version 0.29-a0-529-gfa20dd96a1 (webtiles) character file.

Game seed: 17627756559164002388

23116 ders the Eclecticist (level 13, -11/76 HPs)
             Began as a Djinni Conjurer on June 1, 2022.
             Was an Elder of Ashenzari.
             Killed by an exploding fulminant prism (34 damage)
             ... on level 3 of the Lair of Beasts.
             The game lasted 00:23:22 (18656 turns).

ders the Eclecticist (Djinni Conjurer)             Turns: 18656, Time: 00:23:22

Health: -11/76     AC:  9    Str:  6    XL:     13   Next: 32%
Gold:   704        EV: 13    Int: 24    God:    Ashenzari [****..] SH:  0 Dex: 13

rFire   + . .      SeeInvis +   a - staff of earth
rCold   + . .      Faith    .   (no shield)
rNeg    . . .      Spirit   .   F - +0 steam dragon scales of the Eternal the Ego {Self, Cun} (curse)
rPois   ∞          Reflect  .   n - +0 helmet of Star-Bound Wisdom {Self, Range} (curse)
rElec   .          Harm     .   l - +0 cloak "Prophetic Shame" {Self, Range} (curse)
rCorr   .          Rampage  .   D - +1 pair of gloves of Ashenzari's Secrets {Self, Melee} (curse)
Will    +....      Clarity  +   (boots unavailable)
Stlth   ++........              (no amulet)
HPRegen 0.22/turn               g - ring "Submission of Ashenzari" {Ice, Self, Evo} (curse)
MPRegen 0.00/turn               t - ring "Mistrust of Ashenzari" {rC+, Self, Evo} (curse)

@: flying
A: sickness immunity, fire resistance 2, cold vulnerability 1, float, innate
caster, HP casting, extra vitality 1
a: Renounce Religion, Curse Item, Shatter the Chains


You were on level 3 of the Lair of Beasts.
You worshipped Ashenzari.
Ashenzari was greatly pleased with you.
You visited 2 branches of the dungeon, and saw 11 of its levels.

You collected 704 gold pieces.

Inventory:

Hand Weapons
 z - a +2 quarterstaff of chaos
Armour
 f - a +2 leather armour of poison resistance
 l - the cursed +0 cloak "Prophetic Shame" (worn) {Self, Range}
   (You found it on level 2 of the Dungeon)

   It has a curse which improves the following skills: Introspection: Fighting
   and Spellcasting.
   Ranged Combat: Slings, Bows, Crossbows and Throwing.
 n - the cursed +0 helmet of Star-Bound Wisdom (worn) {Self, Range}
   (You found it on level 2 of the Dungeon)

   It has a curse which improves the following skills: Introspection: Fighting
   and Spellcasting.
   Ranged Combat: Slings, Bows, Crossbows and Throwing.
 D - the cursed +1 pair of gloves of Ashenzari's Secrets (worn) {Self, Melee}
   (You found it on level 5 of the Dungeon)

   It has a curse which improves the following skills: Introspection: Fighting
   and Spellcasting.
   Melee Combat: Short Blades, Long Blades, Axes, Maces & Flails, Polearms,
   Staves and Unarmed Combat.
 F - the cursed +0 steam dragon scales of the Eternal the Ego (worn) {Self, Cun}
   (You found it on level 8 of the Dungeon)

   It has a curse which improves the following skills: Introspection: Fighting
   and Spellcasting.
   Cunning:   Dodging and Stealth.
Magical Staves
 a - a staff of earth (weapon)
Jewellery
 g - the cursed ring "Submission of Ashenzari" (left hand) {Ice, Self, Evo}
   (You found it on level 2 of the Dungeon)

   [ring of ice]

   It enhances your ice magic.
   rF:        It makes you vulnerable to fire.
   rC:        It protects you from cold.
   It has a curse which improves the following skills: Introspection: Fighting
   and Spellcasting.
   Evocations: Evocations.
 t - the cursed ring "Mistrust of Ashenzari" (right hand) {rC+, Self, Evo}
   (You found it on level 3 of the Dungeon)

   [ring of protection from cold]

   rC:        It protects you from cold.
   It has a curse which improves the following skills: Introspection: Fighting
   and Spellcasting.
   Evocations: Evocations.
 K - a ring of positive energy
 L - a ring of willpower
 M - a +4 ring of evasion
Wands
 s - a wand of digging (10)
 u - a wand of polymorph (9)
 B - a wand of mindburst (34)
 G - a wand of iceblast (9)
 H - a wand of acid (13)
 J - a wand of flame (3)
 N - a wand of charming (2)
Scrolls
 b - 4 scrolls of teleportation
 c - 4 scrolls of magic mapping
 d - 4 scrolls of poison
 h - 3 scrolls of noise
 i - 2 scrolls of vulnerability
 j - 11 scrolls of identify
 p - 5 scrolls of enchant weapon
 v - 3 scrolls of fog
 y - a scroll of immolation
 A - 3 scrolls of enchant armour
Potions
 e - 3 potions of brilliance
 k - 6 potions of haste
 m - 2 potions of cancellation
 o - 3 potions of degeneration
 q - a potion of invisibility
 r - 2 potions of curing
 w - 2 potions of flight
 C - 4 potions of ambrosia
 E - a potion of resistance
 I - a potion of berserk rage


   Skills:
 - Level 2.1(3.7) Dodging
 - Level 1.5(2.9) Stealth
 + Level 18.0(24.1) Spellcasting


You had 27 spell levels left.
You knew the following spells:

 Your Spells              Type           Power      Damage    Failure   Level
a - Magic Dart            Conj           100%       1d8       0%          1
b - Searing Ray           Conj           100%       2d8       0%          2
c - Dazzling Flash        Conj/Hex       100%       N/A       0%          3
d - Fulminant Prism       Conj/Hex       49%        3d21      0%          4
e - Iskenderun's Mystic   Conj/Tloc      98%        2d19      0%          4
f - Necrotize             Necr           100%       1d9       0%          1
g - Passwall              Tmut/Erth      100%       N/A       0%          2
h - Frozen Ramparts       Ice            100%       1d12      0%          3
i - Lesser Beckoning      Tloc           98%        N/A       0%          3
j - Metabolic Englaciati  Hex/Ice        60%        N/A       0%          5
k - Manifold Assault      Tloc           98%        N/A       0%          5
Your spell library was empty.

Dungeon Overview and Level Annotations

Branches:
Dungeon (8/15)             Temple (0/1) D:4            Lair (3/6) D:8
  Swamp (0/4) Lair:3        Snake (0/4) Lair:2

Altars:
Ashenzari
Dithmenos
Fedhas
Makhleb
Okawaru
Wu Jian
Yredelemnul

Shops:
D:6 ?=


Innate Abilities, Weirdness & Mutations

You are immune to sickness and miasma.
You are immune to poison.
Your flesh is very heat resistant. (rF++)
You are vulnerable to cold. (rC-)
You float through the air rather than walking.
You learn spells naturally, not from books.
Your magical power is your life essence.
You have superior vitality. (+4 MHP)


Message History

Your fulminant prism explodes!
The blast of energy engulfs the blink frog!!!
You kill the blink frog!
The blast of energy engulfs the plant!!
The plant begins to die.
The plant is lightly damaged.
The blast of energy engulfs the five-headed hydra!!
The five-headed hydra is heavily wounded.
You hear a trumpeting!
You hear an angry hiss.
Casting: Fulminant Prism (safe; 0% risk of failure)
Confirm with . or Enter, or press ? or * to list all spells.
You erupt in a blast of force!
The mystic blast hits the plant!
The plant is moderately damaged.
The mystic blast hits the five-headed hydra!!
The five-headed hydra is almost dead.
The five-headed hydra bites you but does no damage.
The five-headed hydra misses you.
The five-headed hydra bites you but does no damage.
The five-headed hydra bites you. The five-headed hydra bites you!
The blink frog blinks!
Casting: Iskenderun's Mystic Blast (safe; 0% risk of failure)
Confirm with . or Enter, or press ? or * to list all spells.
You erupt in a blast of force!
The mystic blast hits the plant!!
The plant is moderately damaged.
The mystic blast hits the five-headed hydra!!
You kill the five-headed hydra!
Your base Spellcasting skill increases to level 18!
A nearby plant withers and dies.
A blink frog is nearby!
Casting: Iskenderun's Mystic Blast (safe; 0% risk of failure)
Confirm with . or Enter, or press ? or * to list all spells.
Aiming: Fulminant Prism (safe; 0% risk of failure)
Press: ? - help, Dir - move target You conjure a prism of explosive energy!
A fulminant prism comes into view.
The blink frog blinks!
Your fulminant prism crackles loudly.
The blink frog blinks!
Your fulminant prism explodes!
The blast of energy engulfs you!!
You die...

...........##.[###
####...##.#.#..###
#####...######..##
##.### ###..###
#...##
##.#.####### #..##
###..###.######
####..##
####..#§#.##.##
#####.##
###........†.##
......##
#.....@...§†..#
.##...##
*#..#...#####†##
###.#.#
#..##########..#
#....# ##. * #..##
#.....# . #.F.#
#.##..###, *
#?..## ** *
#..^...,, * #....
,, * ##.,.##.,
*..#.# {, * *****
#.....,{,,, , ,


There were no monsters in sight!

Vanquished Creatures
  A hydra (Lair:3)
  Erica (D:8)
  A bog body (Lair:3)
  Pikel (D:6)
  2 black mambas (Lair:1)
  6 elephants
  3 cane toads
  A rime drake (Lair:2)
  3 komodo dragons
  A queen bee (Lair:2)
  A polar bear (Lair:2)
  18 blink frogs
  6 wyverns
  5 basilisks
  15 yaks
  4 steam dragons
  Menkaure (D:6)
  An acid dragon (D:8)
  2 swamp worms (Lair:3)
  3 wargs (D:8)
  4 nagas (Lair:2)
  6 water moccasins
  2 ice beasts (D:7)
  An ogre (D:5)
  2 black bears (Lair:2)
  19 wolves
  2 centaurs (D:5)
  2 lemures (D:6)
  5 phantoms
  2 gnoll sergeants (D:7)
  A kobold brigand (D:5)
  7 bullfrogs
  2 scorpions
  2 necrophages
  13 wights
  33 killer bees
  A howler monkey (D:8)
  An electric eel (Lair:3)
  7 hounds
  2 jellies
  Crazy Yiuf (D:4)
  A gnoll shaman (D:7)
  7 orc priests
  5 iguanas
  6 orc wizards
  Robin (D:4)
  11 gnolls (D:7)
  6 adders
  A river rat (Lair:2)
  A shadow imp (D:5)
  A white imp (D:6)
  An ufetubus (D:6)
  3 worms
  4 dart slugs
  34 orcs
  9 bats
  4 endoplasms
  A giant cockroach (D:1)
  13 goblins
  11 hobgoblins
  6 jackals (D:2)
  6 kobolds
  3 quokkas (D:1)
  6 ball pythons
  A frilled lizard (D:3)
  6 rats
339 creatures vanquished.

Vanquished Creatures (others)
  A bush (Lair:3)
  106 fulminant prisms
  40 fungi
  50 plants
197 creatures vanquished.

Grand Total: 536 creatures vanquished

Notes
Turn   | Place    | Note
-------+----------+-------------------------------------------
     0 | D:1      | ders the Djinni Conjurer began the quest for the Orb.
     0 | D:1      | Reached XP level 1. HP: 15/15 MP: 0/0
   331 | D:1      | Reached XP level 2. HP: 17/21 MP: 0/0
   773 | D:1      | Reached XP level 3. HP: 23/25 MP: 0/0
   773 | D:1      | Learned a level 1 spell: Necrotize
  1013 | D:1      | Reached skill level 4 in Spellcasting
  1280 | D:2      | Found a faded altar of an unknown god.
  1445 | D:2      | Reached XP level 4. HP: 29/31 MP: 0/0
  3052 | D:3      | Found a broken altar of Ashenzari.
  3087 | D:3      | Became a worshipper of Ashenzari the Shackled
  3341 | D:3      | Found a burning altar of Makhleb.
  3503 | D:4      | Noticed Robin
  3523 | D:4      | Reached XP level 5. HP: 20/35 MP: 0/0
  3523 | D:4      | Learned a level 2 spell: Passwall
  3787 | D:4      | Killed Robin
  4020 | D:4      | Reached skill level 5 in Spellcasting
  4297 | D:4      | Found a staircase to the Ecumenical Temple.
  4390 | D:4      | Noticed a phantom
  4396 | D:4      | Killed a phantom
  4397 | D:4      | Reached XP level 6. HP: 31/40 MP: 0/0
  5061 | D:4      | Found a runed translucent door.
  5062 | D:4      | Noticed Crazy Yiuf
  5171 | D:4      | Found an ornate altar of the Wu Jian Council.
  5207 | D:4      | Reached skill level 6 in Spellcasting
  5382 | D:4      | Found a basalt altar of Yredelemnul.
  5567 | D:4      | Killed Crazy Yiuf
  5568 | D:4      | Reached XP level 7. HP: 32/45 MP: 0/0
  5568 | D:4      | Learned a level 3 spell: Frozen Ramparts
  5697 | D:5      | Entered Level 5 of the Dungeon
  5698 | D:5      | Noticed a water moccasin
  5708 | D:5      | Killed a water moccasin
  6067 | D:5      | Reached skill level 7 in Spellcasting
  6068 | D:5      | Reached XP level 8. HP: 27/50 MP: 0/0
  6619 | D:5      | Reached skill level 8 in Spellcasting
  6676 | D:5      | Found a blossoming altar of Fedhas.
  7292 | D:5      | Found an iron altar of Okawaru.
  7583 | D:6      | Reached XP level 9. HP: 40/55 MP: 0/0
  7583 | D:6      | Learned a level 3 spell: Lesser Beckoning
  7696 | D:6      | Reached * piety under Ashenzari
  7696 | D:6      | Identified a scroll of acquirement
  7703 | D:6      | Reached skill level 9 in Spellcasting
  8022 | D:6      | Found Voxkel Belos's Magic Scroll Shop.
  8058 | D:6      | Noticed Menkaure
  8063 | D:6      | Noticed Pikel
  8064 | D:6      | Killed Menkaure
  8067 | D:6      | Killed Pikel
  8229 | D:5      | Acquired a manual of Spellcasting
  8275 | D:6      | Reached skill level 10 in Spellcasting
  8279 | D:6      | Found a shadowy altar of Dithmenos.
  8848 | D:6      | Found Viukhlek's Jewellery Shop.
  9570 | D:7      | Reached skill level 11 in Spellcasting
  9888 | D:7      | Reached XP level 10. HP: 56/60 MP: 0/0
 10235 | D:7      | Reached skill level 12 in Spellcasting
 10592 | D:7      | Reached ** piety under Ashenzari
 11105 | D:8      | Reached skill level 13 in Spellcasting
 11475 | D:8      | Found a staircase to the Lair.
 11847 | D:8      | Reached *** piety under Ashenzari
 12162 | D:8      | Reached skill level 14 in Spellcasting
 12187 | D:8      | Noticed Erica
 12200 | D:8      | Killed Erica
 12201 | D:8      | Reached XP level 11. HP: 37/66 MP: 0/0
 12201 | D:8      | Learned a level 5 spell: Metabolic Englaciation
 12586 | Lair:1   | Entered Level 1 of the Lair of Beasts
 13135 | Lair:1   | Reached skill level 15 in Spellcasting
 14285 | Lair:2   | Reached XP level 12. HP: 31/71 MP: 0/0
 14496 | Lair:2   | Reached skill level 16 in Spellcasting
 15702 | Lair:2   | Found a staircase to the Snake Pit.
 16043 | Lair:2   | Reached **** piety under Ashenzari
 16165 | Lair:2   | Reached skill level 17 in Spellcasting
 17674 | Lair:3   | Reached XP level 13. HP: 68/76 MP: 0/0
 17674 | Lair:3   | Learned a level 5 spell: Manifold Assault
 17912 | Lair:3   | Found a staircase to the Swamp.
 18642 | Lair:3   | Noticed a five-headed hydra
 18650 | Lair:3   | Killed a five-headed hydra
 18651 | Lair:3   | Reached skill level 18 in Spellcasting
 18656 | Lair:3   | Killed by an exploding fulminant prism

Illustrated notes

Levels and vault maps discovered:
D:1:      lightli_iron_boxes, layout_rooms, nrook_mini_backslash,
          serial_bayou_pond_a
D:2:      layout_loops_ring, basic_ecumenical_altar
D:3:      layout_basic, evilmike_ruin_ashenzari, mainiacjoe_overflow_boulevard
D:4:      layout_loops_corners, mainiacjoe_overflow_alcove_2,
          nicolae_wu_jian_immortal_techniques, minmay_temple_entry_fiery,
          uniq_robin, uniq_crazy_yiuf_cottage
D:5:      layout_loops_corners, mainiacjoe_overflow_swirl,
          minmay_chambers_of_fives
D:6:      layout_loops_ring, mainiacjoe_overflow_24_doors, serial_shops,
          nicolae_take_the_stairs, nicolae_lakefront_shop, uniq_pikel,
          uniq_menkaure
D:7:      layout_loops_ring, minivault_26
D:8:      layout_basic, erik_lair_orcish_takeover,
          hangedman_abyss_or_decor_slice, uniq_erica
Lair:1:   layout_regular_city, grunt_megastairs_5
Lair:2:   regret_index_tunnel_blossom, layout_gridlike,
          minmay_snake_entry_guardpost_small, serial_bayou_shore_b
Lair:3:   layout_loops_ring, nicolae_swamp_entry_splash_gauntlet

Skill      XL: |  1  2  3  4  5  6  7  8  9 10 11 12 13 |
---------------+----------------------------------------+-----
Spellcasting   | 4 5 6 7 8 11 14 15 17 18 | 18.0
Dodging        | |  2.1
Stealth        | |  1.5

Action                   |  1- 3 |  4- 6 |  7- 9 | 10-12 | 13-15 || total
-------------------------+-------+-------+-------+-------+-------++-------
Melee: Quarterstaff      |       |       |       |     2 |       ||     2
       Staff             |       |       |       |       |     4 ||     4
 Cast: Magic Dart        |    68 |   105 |    76 |   128 |     9 ||   386
       Searing Ray       |     5 |    20 |    29 |    78 |     3 ||   135
       Fulminant Prism   |       |     5 |    29 |    61 |    11 ||   106
       Iskenderun's Myst |       |     1 |    13 |    80 |    22 ||   116
       Metabolic Englaci |       |       |       |     3 |       ||     3
       Manifold Assault  |       |       |       |       |     3 ||     3
Invok: Curse Item        |       |       |     2 |     4 |       ||     6
Evoke: Wand              |       |       |       |     2 |       ||     2
  Use: Scroll            |       |       |     1 |       |     2 ||     3
       Potion            |       |       |       |     2 |     1 ||     3
Armor: Robe              |     1 |     5 |     3 |     2 |       ||    11
       Steam dragon scal |       |       |       |    37 |     6 ||    43
Dodge: Dodged            |     4 |    11 |    15 |    68 |    12 ||   110

Table legend: (Time is in decaauts)
 A = Elapsed time spent in this place.
 B = Non-inter-level travel time spent in this place.
 C = Inter-level travel time spent in this place.
 D = Time resting spent in this place.
 E = Time spent auto-exploring this place.
 F = Levels seen in this place.
 G = Mean time per level.
                   A        B        C        D        E       F      G
               +--------+--------+--------+--------+--------+-----+--------+
         Total |  18661 |  18185 |    476 |   4323 |  12032 |  11 | 1696.5 |
       Dungeon |  12798 |  12481 |    317 |   2114 |   9302 |   8 | 1599.8 |
          Lair |   5862 |   5703 |    159 |   2209 |   2730 |   3 | 1954.0 |
               +--------+--------+--------+--------+--------+-----+--------+

Top non-repeatable levels by time:
  Lair:1: 2580 daAuts
     D:5: 2138 daAuts
     D:4: 1996 daAuts
     D:8: 1953 daAuts
  Lair:2: 1951 daAuts
     D:7: 1689 daAuts
  Lair:3: 1331 daAuts
     D:6: 1320 daAuts
     D:3: 1297 daAuts
     D:2: 1291 daAuts
     D:1: 1110 daAuts
